 Dungeon Crawl Stone Soup version 0.23.2-40-g277498a001 (webtiles) character file.

Game seed: 2245788401437628765

411 Descartes the Ruffian (level 6, 0/62 HPs)
             Began as a Troll Monk on Oct 20, 2019.
             Splashed by Ijyb's acid (13 damage)
             ... on level 4 of the Dungeon.
             The game lasted 00:05:14 (2386 turns).

Descartes the Ruffian (Troll Monk)                  Turns: 2386, Time: 00:05:15

Health: 0/62       AC: -1    Str: 20    XL:     6   Next: 58%
Magic:  5/5        EV: 11    Int:  7    God:
Gold:   115        SH:  0    Dex: 13    Spells: 5/5 levels left

rFire    . . .     SeeInvis .     - Unarmed
rCold    . . .     Gourm    +   (no shield)
rNeg     . . .     Faith    .   a - +0 robe
rPois    .         Spirit   .   (helmet restricted)
rElec    .         Reflect  .   u - +0 cloak
rCorr    .         Harm     .   (gloves unavailable)
MR       .....                  (boots unavailable)
Stlth    ++........             (no amulet)
HPRegen  0.60/turn              (no ring)
MPRegen  0.09/turn              (no ring)

@: lethally poisoned (0 -> -1), corroded
A: large, unfitting armour, claws 3, fast metabolism 3, gourmand, regeneration
1, shaggy fur 1, tough skin 3
a: no special abilities


You were on level 4 of the Dungeon.
You were full.

You visited 1 branch of the dungeon, and saw 4 of its levels.

You collected 115 gold pieces.

Inventory:

Missiles
 c - 15 poisoned needles
 h - 98 stones (quivered)
 i - 32 arrows
 p - 14 bolts
Armour
 a - a +0 robe (worn)
 u - a +0 cloak (worn)
Jewellery
 v - an uncursed ring of ice
Scrolls
 d - a scroll of noise {unknown}
 e - a scroll of teleportation {unknown}
 g - 4 scrolls of remove curse {unknown}
 k - a scroll of fear {unknown}
 l - 4 scrolls of fog {unknown}
 m - a scroll of random uselessness {unknown}
 o - 4 scrolls of identify {unknown}
Potions
 j - 4 potions of curing {unknown}
 n - a potion of lignification {unknown}
 q - a potion of degeneration {unknown}
 r - a potion of flight {unknown}
 s - a potion of heal wounds {unknown}
 t - a potion of might {unknown}
 w - a potion of brilliance {unknown}
Comestibles
 b - 9 rations


   Skills:
 + Level 3.7 Fighting
 + Level 3.7 Dodging
 - Level 1.0 Stealth
 * Level 5.7 Unarmed Combat


You had 5 spell levels left.
You didn't know any spells.
Your spell library contained the following spells:

 Spells                   Type           Power        Failure   Level  Hunger
 Magic Dart               Conj           #...         43%         1    ##.....
 Blink                    Tloc           N/A          56%         2    ###....
 Call Imp                 Summ           #.......     56%         2    ###....
 Slow                     Hex            #.......     56%         2    ###....
 Conjure Flame            Conj/Fire      #.......     80%         3    ####...
 Mephitic Cloud           Conj/Pois/Air  #.......     80%         3    ####...


Dungeon Overview and Level Annotations

Branches:
Dungeon (4/15)
 Temple: D:4-7

Altars:

Annotations:
D:4 Ijyb


Innate Abilities, Weirdness & Mutations

You are too large for most types of armour.
You have claws for hands.
Your metabolism is lightning-fast.
You like to eat raw meat.
Your natural rate of healing is unusually fast.
You are covered in fur. (AC +1)
You have extremely tough skin. (AC +3)


Message History

The adder hisses angrily.
The adder bites you but does no damage.
Found a yellow potion.
You barely miss the adder.
Ijyb shouts!
The adder bites you but does no damage. The adder bites you.
You are poisoned.
The adder poisons you!
You mangle the adder!!
You kill the adder!
You feel sick.
Ijyb zaps a wand.
The bolt of acid hits you!! The acid corrodes you!
You are splashed with acid!
You are too injured to fight recklessly!
You are too injured to fight recklessly!
Unknown command.
Ijyb zaps a wand.
The bolt of acid hits you!
* * * LOW HITPOINT WARNING * * *
The acid corrodes you!
You are splashed with acid!
You die...

#............#. #
#....!......... #
#............# #
.....g......# .. #
#..........## ##.##
#............ ...#
#.........##### ####.#
#.............. ......
#.....@..........####.#
#....$.................
#######.##.... .####..
#.# ... ##.. #.# ..
#... #.# #... #.# #...
#.# #... #.# #...


You could see Ijyb.

Vanquished Creatures
  An ogre (D:2)
  A centaur (D:4)
  An orc priest (D:3)
  2 orc wizards (D:3)
  A centaur skeleton (D:4)
  4 adders
  An ooze (D:3)
  3 worms (D:3)
  3 dart slugs
  5 leopard geckos
  4 orcs (D:3)
  9 bats
  4 giant cockroaches
  7 goblins
  7 hobgoblins
  8 jackals
  2 quokkas
  A frilled lizard (D:2)
  6 kobolds
  8 rats
78 creatures vanquished.

Notes
Turn   | Place    | Note
-------+----------+-------------------------------------------
     0 | D:1      | Descartes the Troll Monk began the quest for the Orb.
     0 | D:1      | Reached XP level 1. HP: 22/22 MP: 0/0
   107 | D:1      | Reached XP level 2. HP: 26/29 MP: 1/1
   372 | D:1      | Reached XP level 3. HP: 35/36 MP: 2/2
  1111 | D:2      | You fall through a shaft!
  1183 | D:3      | Reached skill level 4 in Unarmed Combat
  1240 | D:3      | Reached XP level 4. HP: 44/44 MP: 3/3
  1307 | D:2      | Noticed an ogre
  1312 | D:2      | Killed an ogre
  1312 | D:2      | Reached XP level 5. HP: 31/53 MP: 4/4
  1729 | D:3      | Reached skill level 5 in Unarmed Combat
  1824 | D:3      | Reached XP level 6. HP: 38/61 MP: 5/5
  2382 | D:4      | Noticed Ijyb
  2386 | D:4      | Splashed by Ijyb's acid

Skill      XL: |  1  2  3  4  5 |
---------------+----------------+-----
Unarmed Combat | 4 5 |  5.7
Fighting       | 3 |  3.7
Dodging        | 3 |  3.7
Stealth        | |  1.0

Action                   |  1- 3 |  4- 6 || total
-------------------------+-------+-------++-------
Melee: Unarmed           |   140 |    83 ||   223
       Punch             |     1 |     4 ||     5
 Stab: Sleeping          |     4 |     3 ||     7
  Eat: Chunk             |    17 |     7 ||    24
Armor: Robe              |    44 |    30 ||    74
Dodge: Dodged            |    96 |    31 ||   127
